 Dungeon Crawl Stone Soup version 0.29-a0-620-g13ace881f2 (webtiles) character file.

Game seed: 11473861214130125288

9 ptdevnull the Cruncher (level 2, 20/20 HPs)
             Began as a Gnoll Wanderer on June 19, 2022.
             Was a Follower of Dithmenos.
             Quit the game on level 1 of the Dungeon.
             The game lasted 00:00:48 (140 turns).

ptdevnull the Cruncher (Gnoll Wanderer)              Turns: 140, Time: 00:00:49

Health: 20/20      AC:  3    Str:  8    XL:     2   Next: 12%
Magic:  2/2        EV: 14    Int:  8    God:    Dithmenos [*.....]
Gold:   16         SH:  0    Dex: 17    Spells: 1/1 levels left

rFire   . . .      SeeInvis .   a - +2 quarterstaff
rCold   . . .      Faith    .   (shield currently unavailable)
rNeg    . . .      Spirit   .   e - +0 robe
rPois   .          Reflect  .   (no helmet)
rElec   .          Harm     .   (no cloak)
rCorr   .          Rampage  .   (no gloves)
Will    .....                   c - +0 pair of boots
Stlth   ++........              (no amulet)
HPRegen 0.06/turn               (no ring)
MPRegen 0.08/turn               (no ring)

@: wreathed by umbra
A: fangs 1, strong nose, distributed training
a: Renounce Religion


You were on level 1 of the Dungeon.
You worshipped Dithmenos.
Dithmenos was aware of your devotion.
You visited 1 branch of the dungeon, and saw 1 of its levels.

You collected 16 gold pieces.

Inventory:

Hand Weapons
 a - a +2 quarterstaff (weapon)
 b - a +0 falchion
Armour
 c - a +0 pair of boots (worn)
 e - a +0 robe (worn)
Scrolls
 f - 3 scrolls of enchant weapon {unknown}
 g - a scroll of noise {unknown}
Potions
 d - a potion of heal wounds


   Skills:
 + Level 0.3 Fighting
 + Level 0.3 Short Blades
 + Level 6.4 Long Blades
 + Level 0.3 Axes
 + Level 0.3 Maces & Flails
 + Level 0.3 Polearms
 + Level 8.4 Staves
 + Level 0.3 Slings
 + Level 0.3 Bows
 + Level 0.3 Crossbows
 + Level 0.3 Throwing
 + Level 0.3 Armour
 + Level 4.4 Dodging
 + Level 2.2 Stealth
 + Level 0.3 Shields
 + Level 0.3 Unarmed Combat
 + Level 0.3 Spellcasting
 + Level 0.2 Conjurations
 + Level 0.2 Hexes
 + Level 0.2 Summonings
 + Level 0.2 Necromancy
 + Level 0.2 Translocations
 + Level 0.2 Transmutations
 + Level 0.2 Fire Magic
 + Level 0.2 Ice Magic
 + Level 0.2 Air Magic
 + Level 0.2 Earth Magic
 + Level 0.2 Poison Magic
 + Level 0.4 Invocations
 + Level 0.3 Evocations


You had one spell level left.
You didn't know any spells.
Your spell library was empty.

Dungeon Overview and Level Annotations

Branches:
Dungeon (1/15)

Altars:
Dithmenos


Innate Abilities, Weirdness & Mutations

You have very sharp teeth.
Your uncanny sense of smell can sniff out nearby items.
Your experience applies equally to all skills.


Message History

Found 15 stones.
Found a scale mail.
A goblin comes into view. It is wielding a +0 dagger.
The goblin shouts!
You hit the goblin.
You kill the goblin!
You have reached level 2!
Things that are here:
a +0 dagger; a goblin corpse
g - a scroll labelled HOIWKO ACARPHEA A frilled lizard comes into view.
Found a stone staircase leading down.
A frilled lizard is nearby!
The frilled lizard hisses angrily.
The frilled lizard bites you.
You closely miss the frilled lizard. You sock the frilled lizard!
You kill the frilled lizard!
No target in view!
No target in view!
No target in view!
You see here a frilled lizard corpse.
A frilled lizard comes into view.
A frilled lizard is nearby!
Found a red potion.
You see here 15 stones.
Found a stone staircase leading down.
Found a faded altar of an unknown god.
The helpless frilled lizard fails to defend itself.
You thump the frilled lizard!
You kill the frilled lizard!
No target in view!
There is a faded altar of an unknown god here.
You cannot tell which god this altar belongs to.
Convert to them anyway?
Okay, then.
You cannot tell which god this altar belongs to.
Convert to them anyway?
Dithmenos accepts your prayer! Dithmenos welcomes you!
You are shrouded in an aura of darkness!
Are you sure you want to abandon this character and quit the game? (Confirm with "yes".)

#. .. ..∆ .. #. .# ..
##. #.#.. ##.. ..#.##
##...♣...>.#
#.P♣P.♣.#..## ...
#.P♣P@♣P..... ..# #.
#...♣...#.# #.# #.
#.#.P..##.# #.# #.
#...#..##.# #.# #.
###....##.# #.# #. ####
#.#####.# #)# #.
.....###.#####.####
##.###.
#.>(..........###......
#!##..#####.##.#....####


There were no monsters in sight!

Vanquished Creatures
  A dart slug (D:1)
  A ball python (D:1)
  A bat (D:1)
  A goblin (D:1)
  3 frilled lizards (D:1)
7 creatures vanquished.

Notes
Turn   | Place    | Note
-------+----------+-------------------------------------------
     0 | D:1      | ptdevnull the Gnoll Wanderer began the quest for the Orb.
     0 | D:1      | ptdevnull set off with the following items: a +2
                  | quarterstaff, a +0 falchion, a +0 pair of boots, a potion
                  | of heal wounds, a +0 robe.
     0 | D:1      | Reached XP level 1. HP: 13/13 MP: 1/1
   100 | D:1      | Reached XP level 2. HP: 19/19 MP: 2/2
   133 | D:1      | Found a faded altar of an unknown god.
   139 | D:1      | Prayed at the altar of an unknown god.
   139 | D:1      | Became a worshipper of Dithmenos the Shadowed
   139 | D:1      | Reached * piety under Dithmenos
   140 | D:1      | Quit the game

Illustrated notes

Levels and vault maps discovered:
D:1:      minmay_arrival_wavy_path, layout_loops_ring,
          ebering_ecumenical_altar_petrified, serial_shops, shop_fountains

Action                   || total
-------------------------++-------
Melee: Quarterstaff      ||    12
 Stab: Sleeping          ||     1
Armor: Robe              ||     3
Dodge: Dodged            ||     8

Table legend: (Time is in decaauts)
 A = Elapsed time spent in this place.
 B = Non-inter-level travel time spent in this place.
 C = Inter-level travel time spent in this place.
 D = Time resting spent in this place.
 E = Time spent auto-exploring this place.
 F = Levels seen in this place.
 G = Mean time per level.
                   A        B        C        D        E       F      G
               +--------+--------+--------+--------+--------+-----+--------+
         Total |    138 |    138 |      0 |      0 |     87 |   1 |  138.0 |
       Dungeon |    138 |    138 |      0 |      0 |     87 |   1 |  138.0 |
               +--------+--------+--------+--------+--------+-----+--------+

Top non-repeatable levels by time:
     D:1: 138 daAuts
